 Dungeon Crawl Stone Soup version 0.23-a0-537-g04293e54a7 (webtiles) character file.

130 Hercules1031 the Ducker (level 4, -5/24 HPs)
             Began as a Spriggan Monk on Dec 7, 2018.
             Engulfed by a cloud of flame (17 damage)
             ... on level 2 of the Dungeon.
             The game lasted 00:03:57 (1559 turns).

Hercules1031 the Ducker (Spriggan Monk)             Turns: 1559, Time: 00:03:58

Health: -5/24      AC:  5    Str:  7    XL:     4   Next: 89%
Magic:  5/5        EV: 21    Int: 11    God:
Gold:   71         SH:  0    Dex: 19    Spells: 3/3 levels left

rFire    . . .     SeeInvis +   a - +0 short sword
rCold    . . .     Gourm    .   (shield restricted)
rNeg     . . .     Faith    .   b - +0 robe
rPois    .         Spirit   .   (helmet restricted)
rElec    .         Reflect  .   l - +2 cloak
rCorr    .         Harm     .   (gloves unavailable)
MR       .....                  (boots unavailable)
Stlth    +++.......             (no amulet)
HPRegen  0.08/turn              (no ring)
MPRegen  0.09/turn              (no ring)

@: very quick
A: very small, unfitting armour, see invisible, herbivore, speed 3, slow
metabolism 2
a: no special abilities


You were on level 2 of the Dungeon.
You were not hungry.

You visited 1 branch of the dungeon, and saw 2 of its levels.

You collected 71 gold pieces.

Inventory:

Hand Weapons
 a - a +0 short sword (weapon)
Armour
 b - a +0 robe (worn)
 l - a +2 cloak (worn)
Scrolls
 d - a scroll of amnesia {unknown}
 f - a scroll of teleportation {unknown}
 j - a scroll of enchant weapon {unknown}
 m - a scroll of remove curse {unknown}
Potions
 e - a potion of flight
 g - a potion of agility {unknown}
 h - a potion of brilliance
 i - a potion of invisibility {unknown}
 n - a potion of resistance {unknown}
Comestibles
 c - 2 rations


   Skills:
 * Level 3.5 Fighting
 + Level 4.0 Short Blades
 + Level 5.3 Dodging
 + Level 4.4 Stealth


You had 3 spell levels left.
You didn't know any spells.
Your spell library was empty.

Dungeon Overview and Level Annotations

Branches:
Dungeon (2/15)

Altars:


Innate Abilities, Weirdness & Mutations

You are very small and have problems with some larger weapons.
You are too small for most types of armour.
You have supernaturally acute eyesight. (SInv)
You are a herbivore.
You cover ground extremely quickly.
You need to consume almost no food.


Message History

A frilled lizard comes into view.
A frilled lizard is nearby!
A frilled lizard is nearby!
You see here 19 stones.
There is an open door here.
Found 2 stones.
Found 9 gold pieces and 18 stones.
Found 30 stones and a scroll labeled REOTEM BOPP.
Really walk into a travel-excluded area?
Found 18 gold pieces and 17 stones.
Really walk into that cloud of flame? [Y]es or [N]o only, please.
Really walk into that cloud of flame?
Okay, then.
Really walk into that cloud of flame?
You are engulfed in blazing flames.
Found 9 gold pieces.
You are engulfed in blazing flames.
Ouch! That really hurt!
You die...

#.....## #### #..
#......####.#. #§§
#.......##.... #§§§
#.......'..... #.§§
#.......###.(.
###...#####......##
#.#.
§§.$($.§§§......##
#.##
§§.(?(.§§§.....##
#.#
§§.....@§..##+##
#.# ###...######
#.# #§. #.# #§ #.#
# #.#


There were no monsters in sight!

Vanquished Creatures
  An ogre (D:2)
  2 oozes (D:1)
  A worm (D:2)
  A dart slug (D:1)
  A leopard gecko (D:2)
  A giant cockroach (D:1)
  4 goblins
  4 hobgoblins
  4 jackals (D:2)
  4 kobolds (D:1)
  2 ball pythons (D:2)
  2 bats
  2 frilled lizards
  A rat (D:1)
30 creatures vanquished.

Vanquished Creatures (others)
  A kobold (D:2)
1 creature vanquished.

Grand Total: 31 creatures vanquished

Notes
Turn   | Place    | Note
-------+----------+-------------------------------------------
     0 | D:1      | Hercules1031 the Spriggan Monk began the quest for the Orb.
     0 | D:1      | Reached XP level 1. HP: 11/11 MP: 2/2
    64 | D:1      | Reached XP level 2. HP: 10/16 MP: 3/3
   753 | D:2      | Reached XP level 3. HP: 19/19 MP: 4/4
  1221 | D:2      | Noticed an ogre
  1234 | D:2      | HP: 1/20 [ogre/+0 giant club (5)]
  1245 | D:2      | Killed an ogre
  1245 | D:2      | Reached skill level 5 in Dodging
  1245 | D:2      | Reached XP level 4. HP: 2/24 MP: 5/5
  1559 | D:2      | Engulfed by a cloud of flame

Vault maps used:
D:1:      sevenhm_arrival_forest_fort_small_3
D:2:      lemuel_flame_loot_1

Skill      XL: |  1  2  3 |
---------------+----------+-----
Fighting       | 3 |  3.5
Short Blades   | 4 |  4.0
Dodging        | 5 |  5.3
Stealth        | 4 |  4.4

Action                   |  1- 3 |  4- 6 || total
-------------------------+-------+-------++-------
Melee: Short sword       |   127 |     4 ||   131
  Use: Potion            |     3 |       ||     3
 Stab: Sleeping          |     7 |       ||     7
Armor: Robe              |    17 |       ||    17
Dodge: Dodged            |   130 |     3 ||   133

Table legend:
 A = Non-vault XP
 B = Vault XP
 C = Vault XP percentage of total XP
 D = Non-vault monster count
 E = Vault monster count
 F = Vault count percentage of total count
                 A         B        C        D         E       F
            +---------+---------+-------+---------+---------+-------
      Total |     186 |       0 |   0.0 |      30 |       0 |   0.0
            +---------+---------+-------+---------+---------+-------
        D:1 |      40 |       0 |   0.0 |      16 |       0 |   0.0
        D:2 |     146 |       0 |   0.0 |      14 |       0 |   0.0
            +---------+---------+-------+---------+---------+-------
